Jets vs Sharks

Created - November 19 2011 at 19:36

Goals
1 2 3 T
Jets 2 2 0 4
Sharks 0 0 2 2
Shots
1 2 3 T
Jets 8 11 15 34
Sharks 7 4 7 18

Period #1

1. Jets , Rene Bourque 2 (Ryan Suter, Ryan Callahan) at 3:36
2. Jets , Brian Boyle 4 (Clarke MacArthur, James Wisniewski) at 15:39

Penalties :
Johnny Boychuk (SJS) for Roughing (Minor) at 0:22, Blake Comeau (SJS) for Hooking (Minor) at 5:03, James Wisniewski (WPG) for Tripping (Minor) at 7:30, Ryan Callahan (WPG) for Hooking (Minor) at 10:35

Period #2

3. Jets , Mike Ribeiro 5 (Martin Erat, Mark Giordano) at 8:23
4. Jets , Ryan Suter 4 (Mark Giordano, Frans Nielsen) at 12:57 (PP)

Penalties :
Dainius Zubrus (SJS) for Roughing (Double Minor) at 2:26, Jeff Skinner (SJS) for Tripping (Minor) at 12:51

Period #3

5. Sharks , Jeff Skinner 7 (Tyler Ennis) at 12:07
6. Sharks , Francois Beauchemin 2 (Alex Tanguay, Jeff Skinner) at 14:40

Penalties :
Brenden Morrow (WPG) for Roughing (Minor) at 3:53, Dainius Zubrus (SJS) for Goalie Interference (Minor) at 6:23, Johnny Boychuk (SJS) for Hooking (Minor) at 10:00, Shane Doan (SJS) for Roughing (Minor) at 18:59

Goalie Stats

Ilya Bryzgalov (WPG), 16 saves from 18 shots - (0.889), W, 11-7-2, 60:00 minutes
Martin Brodeur (SJS), 30 saves from 34 shots - (0.882), L, 7-9-3, 60:00 minutes

Players Stats

Jets
Player Name              G  A  P  +/- PIM S  H  SB FO    MP 
------------------------------------------------------------
Alex Goligoski           0  0  0   0  0   1  0  1  0/0   15 
Brenden Morrow           0  0  0  -1  2   11 4  0  0/2   22 
Brian Boyle              1  0  1   0  0   1  3  0  10/16 16 
Christian Ehrhoff        0  0  0   1  0   1  0  0  0/0   22 
Clarke MacArthur         0  1  1   0  0   1  3  0  0/0   21 
Frans Nielsen            0  1  1   1  0   1  0  0  15/25 21 
James Wisniewski         0  1  1   0  2   1  0  0  0/0   19 
Jordan Caron             0  0  0   0  0   0  0  0  0/0   10 
Marc Staal               0  0  0  -1  0   1  2  1  0/0   12 
Mark Giordano            0  2  2   1  0   3  0  1  0/0   23 
Martin Erat              0  1  1   1  0   2  1  1  1/2   20 
Mike Ribeiro             1  0  1   0  0   3  0  0  6/17  18 
Nathan Gerbe             0  0  0   0  0   1  0  0  0/0   14 
P.K. Subban              0  0  0   1  0   0  1  0  0/0   6  
Rene Bourque             1  0  1   1  0   3  0  0  1/2   10 
Ryan Callahan            0  1  1   1  2   3  3  0  5/15  22 
Ryan Malone              0  0  0   0  0   0  0  0  0/0   2  
Ryan Suter               1  1  2   0  0   1  0  3  0/0   23 
Sharks
Player Name              G  A  P  +/- PIM S  H  SB FO    MP 
------------------------------------------------------------
Alex Tanguay             0  1  1   1  0   1  1  0  0/2   19 
Blake Comeau             0  0  0   0  2   2  2  1  1/1   12 
Bryan McCabe             0  0  0  -1  0   0  0  0  0/0   20 
Dainius Zubrus           0  0  0  -1  6   0  1  0  1/1   10 
David Moss               0  0  0  -1  0   1  1  0  1/1   11 
Eric Belanger            0  0  0  -1  0   0  0  0  8/20  18 
Francois Beauchemin      1  0  1   1  0   2  0  0  0/0   24 
Jarret Stoll             0  0  0   0  0   0  1  0  12/20 18 
Jeff Skinner             1  1  2   1  2   5  1  0  9/23  20 
Johnny Boychuk           0  0  0   1  4   1  1  0  0/0   21 
Lauri Korpikoski         0  0  0  -1  0   0  0  0  0/1   13 
Marc Savard              0  0  0  -1  0   1  1  0  8/9   6  
Marek Zidlicky           0  0  0  -1  0   1  1  4  0/0   22 
Mark Stuart              0  0  0  -1  0   0  4  0  0/0   18 
Pierre-Alexandre Parente 0  0  0  -1  0   0  0  0  1/1   13 
Shane Doan               0  0  0   0  2   1  1  0  0/0   12 
Shane OBrien             0  0  0  -1  0   1  1  2  0/0   14 
Tyler Ennis              0  1  1   1  0   2  2  0  0/0   18 

3 Stars

1 - Ryan Suter (WPG)
2 - Jeff Skinner (SJS)
3 - Brian Boyle (WPG)

Power Play

Jets - 1 on 8 Attempt(s) - 12.50%
Sharks - 0 on 3 Attempt(s) - 0.00%

Penalty Kill

Jets - 3 on 3 Attempt(s) - 100.00% - Score 0 goal in Penalty Kill
Sharks - 7 on 8 Attempt(s) - 87.50% - Score 0 goal in Penalty Kill

Game Notes

Ryan Malone is injured at 4:35 of 1st period (Strained Back)

Finance

Level 1 -- Attendance: 4545 (69.92%) -- Ticket Income $454,500.00
Level 2 -- Attendance: 3361 (67.22%) -- Ticket Income $201,660.00
Level 3 -- Attendance: 2646 (75.60%) -- Ticket Income $92,610.00
Level 4 -- Attendance: 1496 (100.00%) -- Ticket Income $29,920.00
Luxury Box -- Attendance: 743 (74.30%) -- Ticket Income $148,600.00
Game was played at the HP Pavilion center
Total Attendance: 12791 (73.11%)
Total Ticket Income: $971,351.30
Other Income: $207,713.40
Total Income: $1,179,064.00


Play by Play

Period #1

0:01 of 1st period - Jeff Skinner wins face-off versus Mike Ribeiro in neutral zone.
0:04 of 1st period - Ryan Callahan is hit by Alex Tanguay and loses puck.
0:22 of 1st period - Minor Penalty to Johnny Boychuk for Roughing.
0:23 of 1st period - Jarret Stoll wins face-off versus Frans Nielsen in Sharks zone.
0:35 of 1st period - Icing by Mark Giordano.
0:36 of 1st period - Frans Nielsen wins face-off versus Eric Belanger in Jets zone.
0:55 of 1st period - Shot by Mark Giordano.
0:55 of 1st period - Shot Misses the Net.
0:57 of 1st period - Shot by Frans Nielsen.
0:57 of 1st period - Stopped by Martin Brodeur with a rebound.
0:59 of 1st period - Shot by Martin Erat.
0:59 of 1st period - Stopped by Martin Brodeur without a rebound.
1:00 of 1st period - Jarret Stoll wins face-off versus Mike Ribeiro in Sharks zone.
1:33 of 1st period - Icing by Mike Ribeiro.
1:34 of 1st period - Eric Belanger wins face-off versus Mike Ribeiro in Jets zone.
3:01 of 1st period - Icing by Francois Beauchemin.
3:02 of 1st period - Jeff Skinner wins face-off versus Frans Nielsen in Sharks zone.
3:24 of 1st period - Icing by Francois Beauchemin.
3:25 of 1st period - Ryan Callahan wins face-off versus Jeff Skinner in Sharks zone.
3:36 of 1st period - Shot by Rene Bourque.
3:36 of 1st period - Goal by Rene Bourque - Jets : 1 - Sharks : 0.
3:37 of 1st period - Brian Boyle wins face-off versus Eric Belanger in neutral zone.
3:37 of 1st period - Alex Goligoski is hit by David Moss.
3:43 of 1st period - Mark Stuart is hit by Brian Boyle and loses puck.
3:55 of 1st period - Brian Boyle is hit by Mark Stuart.
4:09 of 1st period - Alex Goligoski is hit by Mark Stuart and loses puck.
4:34 of 1st period - Ryan Malone is hit by Mark Stuart and loses puck.
4:35 of 1st period - Ryan Malone from Jets is injured at 4:35 of 1st period (Strained Back).
4:36 of 1st period - Marc Savard wins face-off versus Mike Ribeiro in Sharks zone.
4:49 of 1st period - Shot by Marc Savard.
4:49 of 1st period - Stopped by Ilya Bryzgalov without a rebound.
4:50 of 1st period - Marc Savard wins face-off versus Ryan Callahan in Jets zone.
4:58 of 1st period - Icing by Ryan Suter.
4:59 of 1st period - Jarret Stoll wins face-off versus Ryan Callahan in Jets zone.
5:03 of 1st period - Minor Penalty to Blake Comeau for Hooking.
5:04 of 1st period - Martin Erat wins face-off versus Jarret Stoll in Sharks zone.
5:37 of 1st period - Shot by Mark Giordano.
5:37 of 1st period - Stopped by Martin Brodeur without a rebound.
5:38 of 1st period - Jarret Stoll wins face-off versus Brenden Morrow in Sharks zone.
5:58 of 1st period - Shot by Clarke MacArthur.
5:58 of 1st period - Stopped by Martin Brodeur without a rebound.
5:59 of 1st period - Frans Nielsen wins face-off versus Eric Belanger in Sharks zone.
7:30 of 1st period - Minor Penalty to James Wisniewski for Tripping.
7:31 of 1st period - Mike Ribeiro wins face-off versus Jarret Stoll in Jets zone.
8:02 of 1st period - Shot by Blake Comeau.
8:02 of 1st period - Shot Misses the Net.
8:26 of 1st period - Shot by Tyler Ennis.
8:26 of 1st period - Stopped by Ilya Bryzgalov without a rebound.
8:27 of 1st period - Mike Ribeiro wins face-off versus Jeff Skinner in Jets zone.
8:33 of 1st period - Icing by Johnny Boychuk.
8:34 of 1st period - Jeff Skinner wins face-off versus Ryan Callahan in Sharks zone.
8:46 of 1st period - Shot by Jeff Skinner.
8:46 of 1st period - Shot Blocked by Ryan Suter.
8:48 of 1st period - Shot by Tyler Ennis.
8:48 of 1st period - Stopped by Ilya Bryzgalov without a rebound.
8:49 of 1st period - Jarret Stoll wins face-off versus Mike Ribeiro in Jets zone.
8:50 of 1st period - Shot by Blake Comeau.
8:50 of 1st period - Stopped by Ilya Bryzgalov without a rebound.
8:51 of 1st period - Mike Ribeiro wins face-off versus Jarret Stoll in Jets zone.
9:07 of 1st period - Shot by Marek Zidlicky.
9:07 of 1st period - Stopped by Ilya Bryzgalov with a rebound.
10:35 of 1st period - Minor Penalty to Ryan Callahan for Hooking.
10:36 of 1st period - Mike Ribeiro wins face-off versus Jeff Skinner in Jets zone.
11:28 of 1st period - Shot by Shane Doan.
11:28 of 1st period - Shot Misses the Net.
11:30 of 1st period - Shot by Shane Doan.
11:30 of 1st period - Shot Blocked by Ryan Suter.
12:39 of 1st period - Clarke MacArthur is hit by Dainius Zubrus and loses puck.
13:19 of 1st period - Icing by Brian Boyle.
13:20 of 1st period - Brian Boyle wins face-off versus Eric Belanger in Jets zone.
13:45 of 1st period - Shot by Martin Erat.
13:45 of 1st period - Stopped by Martin Brodeur with a rebound.
14:46 of 1st period - Johnny Boychuk is hit by Brenden Morrow and loses puck.
15:15 of 1st period - Shot by Jeff Skinner.
15:15 of 1st period - Shot Misses the Net.
15:17 of 1st period - Shot by Jeff Skinner.
15:17 of 1st period - Stopped by Ilya Bryzgalov without a rebound.
15:18 of 1st period - Brian Boyle wins face-off versus Eric Belanger in Jets zone.
15:39 of 1st period - Shot by Brian Boyle.
15:39 of 1st period - Goal by Brian Boyle - Jets : 2 - Sharks : 0.
15:40 of 1st period - Marc Savard wins face-off versus Ryan Callahan in neutral zone.
15:57 of 1st period - Icing by Ryan Suter.
15:58 of 1st period - Jarret Stoll wins face-off versus Ryan Callahan in Jets zone.
15:59 of 1st period - Shot by Shane Doan.
15:59 of 1st period - Stopped by Ilya Bryzgalov without a rebound.
16:00 of 1st period - Frans Nielsen wins face-off versus Jeff Skinner in Jets zone.
16:44 of 1st period - Shane Doan is hit by Brenden Morrow and loses puck.
17:48 of 1st period - Shot by Ryan Callahan.
17:48 of 1st period - Deflect By Rene Bourque.
17:48 of 1st period - Shot Hit the Post.
18:08 of 1st period - Shot by Ryan Callahan.
18:08 of 1st period - Stopped by Martin Brodeur with a rebound.
18:47 of 1st period - Icing by Frans Nielsen.
18:48 of 1st period - Frans Nielsen wins face-off versus Jeff Skinner in Jets zone.
19:29 of 1st period - Shot by Clarke MacArthur.
19:29 of 1st period - Deflect By Brian Boyle.
19:29 of 1st period - Shot Misses the Net.
19:31 of 1st period - Shot by Clarke MacArthur.
19:31 of 1st period - Shot Misses the Net.
19:59 of 1st period - Jeff Skinner is hit by Brenden Morrow and loses puck.

Period #2

0:01 of 2nd period - Jeff Skinner wins face-off versus Mike Ribeiro in neutral zone.
1:40 of 2nd period - Icing by Bryan McCabe.
1:41 of 2nd period - Brian Boyle wins face-off versus Jarret Stoll in Sharks zone.
2:22 of 2nd period - Clarke MacArthur is hit by Marc Savard and loses puck.
2:26 of 2nd period - Double Minor Penalty to Dainius Zubrus for Roughing.
2:27 of 2nd period - Eric Belanger wins face-off versus Frans Nielsen in Sharks zone.
3:28 of 2nd period - Shot by Brenden Morrow.
3:28 of 2nd period - Stopped by Martin Brodeur without a rebound.
3:29 of 2nd period - Eric Belanger wins face-off versus Mike Ribeiro in Sharks zone.
4:05 of 2nd period - Icing by Christian Ehrhoff.
4:06 of 2nd period - Eric Belanger wins face-off versus Mike Ribeiro in Jets zone.
4:30 of 2nd period - Icing by Martin Erat.
4:31 of 2nd period - Frans Nielsen wins face-off versus Alex Tanguay in Jets zone.
4:31 of 2nd period - Frans Nielsen is hit by Shane Doan.
4:40 of 2nd period - Clarke MacArthur is hit by Mark Stuart and loses puck.
4:51 of 2nd period - Shot by Mark Giordano.
4:51 of 2nd period - Stopped by Martin Brodeur without a rebound.
4:52 of 2nd period - Jarret Stoll wins face-off versus Mike Ribeiro in Sharks zone.
5:29 of 2nd period - Jeff Skinner is hit by Clarke MacArthur.
6:16 of 2nd period - Shot by Brenden Morrow.
6:16 of 2nd period - Stopped by Martin Brodeur with a rebound.
6:18 of 2nd period - Shot by Mark Giordano.
6:18 of 2nd period - Stopped by Martin Brodeur without a rebound.
6:19 of 2nd period - Brian Boyle wins face-off versus Jeff Skinner in Sharks zone.
7:34 of 2nd period - Icing by Jeff Skinner.
7:35 of 2nd period - Jeff Skinner wins face-off versus Ryan Callahan in Sharks zone.
7:35 of 2nd period - Jeff Skinner is hit by Ryan Callahan.
7:59 of 2nd period - Shot by Rene Bourque.
7:59 of 2nd period - Stopped by Martin Brodeur without a rebound.
8:00 of 2nd period - Marc Savard wins face-off versus Martin Erat in Sharks zone.
8:00 of 2nd period - Marc Savard is hit by Martin Erat.
8:21 of 2nd period - Shot by Martin Erat.
8:21 of 2nd period - Shot Blocked by Marek Zidlicky.
8:23 of 2nd period - Shot by Martin Erat.
8:23 of 2nd period - Deflect By Mike Ribeiro.
8:23 of 2nd period - Goal by Mike Ribeiro - Jets : 3 - Sharks : 0.
8:24 of 2nd period - Eric Belanger wins face-off versus Rene Bourque in neutral zone.
8:48 of 2nd period - Shot by Ryan Callahan.
8:48 of 2nd period - Stopped by Martin Brodeur without a rebound.
8:49 of 2nd period - Frans Nielsen wins face-off versus Jeff Skinner in Sharks zone.
9:02 of 2nd period - Shot by Mike Ribeiro.
9:02 of 2nd period - Stopped by Martin Brodeur without a rebound.
9:03 of 2nd period - Brian Boyle wins face-off versus Lauri Korpikoski in Sharks zone.
9:03 of 2nd period - James Wisniewski is hit by Marek Zidlicky and loses puck.
9:23 of 2nd period - Shot by Clarke MacArthur.
9:23 of 2nd period - Shot Misses the Net.
9:26 of 2nd period - Icing by Dainius Zubrus.
9:27 of 2nd period - Marc Savard wins face-off versus Frans Nielsen in Sharks zone.
9:27 of 2nd period - Marc Savard is hit by Ryan Callahan.
9:46 of 2nd period - Shot by Frans Nielsen.
9:46 of 2nd period - Shot Misses the Net.
10:37 of 2nd period - Icing by Alex Goligoski.
10:38 of 2nd period - Brian Boyle wins face-off versus Jeff Skinner in Jets zone.
10:43 of 2nd period - Off-side.
10:44 of 2nd period - David Moss wins face-off versus Mike Ribeiro in neutral zone.
11:02 of 2nd period - Pierre-Alexandre Parenteau is hit by Marc Staal and loses puck.
12:30 of 2nd period - Icing by Bryan McCabe.
12:31 of 2nd period - Brian Boyle wins face-off versus Eric Belanger in Sharks zone.
12:51 of 2nd period - Minor Penalty to Jeff Skinner for Tripping.
12:52 of 2nd period - Frans Nielsen wins face-off versus Alex Tanguay in Sharks zone.
12:55 of 2nd period - Shot by Mark Giordano.
12:55 of 2nd period - Shot Misses the Net.
12:57 of 2nd period - Shot by Ryan Suter.
12:57 of 2nd period - Goal by Ryan Suter - Jets : 4 - Sharks : 0.
12:58 of 2nd period - Ryan Callahan wins face-off versus Jeff Skinner in neutral zone.
13:27 of 2nd period - Shot by Jeff Skinner.
13:27 of 2nd period - Shot Misses the Net.
13:29 of 2nd period - Shot by Francois Beauchemin.
13:29 of 2nd period - Stopped by Ilya Bryzgalov with a rebound.
13:50 of 2nd period - Icing by P.K. Subban.
13:51 of 2nd period - Marc Savard wins face-off versus Ryan Callahan in Jets zone.
14:58 of 2nd period - Shot by Alex Tanguay.
14:58 of 2nd period - Deflect By Jeff Skinner.
14:58 of 2nd period - Stopped by Ilya Bryzgalov with a rebound.
15:00 of 2nd period - Shot by Jeff Skinner.
15:00 of 2nd period - Stopped by Ilya Bryzgalov without a rebound.
15:01 of 2nd period - Blake Comeau wins face-off versus Brenden Morrow in Jets zone.
15:19 of 2nd period - Martin Erat is hit by Shane OBrien and loses puck.
15:34 of 2nd period - Jarret Stoll is hit by Brenden Morrow and loses puck.
15:52 of 2nd period - Icing by Marek Zidlicky.
15:53 of 2nd period - Jarret Stoll wins face-off versus Brian Boyle in Sharks zone.
16:02 of 2nd period - Nathan Gerbe is hit by Jarret Stoll and loses puck.
16:15 of 2nd period - Icing by Francois Beauchemin.
16:16 of 2nd period - Jeff Skinner wins face-off versus Ryan Callahan in Sharks zone.
16:18 of 2nd period - Alex Tanguay is hit by Ryan Callahan and loses puck.
16:27 of 2nd period - Shot by Rene Bourque.
16:27 of 2nd period - Stopped by Martin Brodeur without a rebound.
16:28 of 2nd period - Frans Nielsen wins face-off versus Eric Belanger in Sharks zone.
17:07 of 2nd period - Shot by David Moss.
17:07 of 2nd period - Shot Blocked by Martin Erat.
17:09 of 2nd period - Shot by David Moss.
17:09 of 2nd period - Stopped by Ilya Bryzgalov without a rebound.
17:10 of 2nd period - Ryan Callahan wins face-off versus Jeff Skinner in Jets zone.
17:10 of 2nd period - Ryan Callahan is hit by Jeff Skinner.
17:15 of 2nd period - Rene Bourque is hit by Tyler Ennis and loses puck.
17:25 of 2nd period - Jeff Skinner is hit by P.K. Subban and loses puck.
17:41 of 2nd period - Ryan Suter is hit by Tyler Ennis and loses puck.
18:12 of 2nd period - Bryan McCabe is hit by Clarke MacArthur and loses puck.
18:56 of 2nd period - Icing by Mark Stuart.
18:57 of 2nd period - Frans Nielsen wins face-off versus Eric Belanger in Sharks zone.
18:58 of 2nd period - Shot by Brenden Morrow.
18:58 of 2nd period - Stopped by Martin Brodeur without a rebound.
18:59 of 2nd period - Frans Nielsen wins face-off versus Jeff Skinner in Sharks zone.

Period #3

0:01 of 3rd period - Mike Ribeiro wins face-off versus Jeff Skinner in neutral zone.
0:19 of 3rd period - Mike Ribeiro is hit by Johnny Boychuk and loses puck.
2:03 of 3rd period - Shot by Blake Comeau.
2:03 of 3rd period - Stopped by Ilya Bryzgalov without a rebound.
2:04 of 3rd period - Dainius Zubrus wins face-off versus Brian Boyle in Jets zone.
2:13 of 3rd period - Shot by Dainius Zubrus.
2:13 of 3rd period - Shot Misses the Net.
2:15 of 3rd period - Shot by Marek Zidlicky.
2:15 of 3rd period - Shot Blocked by Alex Goligoski.
3:00 of 3rd period - Icing by Christian Ehrhoff.
3:01 of 3rd period - Eric Belanger wins face-off versus Frans Nielsen in Jets zone.
3:11 of 3rd period - Icing by Frans Nielsen.
3:12 of 3rd period - Frans Nielsen wins face-off versus Jarret Stoll in Jets zone.
3:53 of 3rd period - Minor Penalty to Brenden Morrow for Roughing.
3:54 of 3rd period - Jeff Skinner wins face-off versus Ryan Callahan in Jets zone.
4:29 of 3rd period - Shot by Jeff Skinner.
4:29 of 3rd period - Shot Blocked by Ryan Suter.
4:31 of 3rd period - Shot by Johnny Boychuk.
4:31 of 3rd period - Stopped by Ilya Bryzgalov without a rebound.
4:32 of 3rd period - Ryan Callahan wins face-off versus Jarret Stoll in Jets zone.
4:59 of 3rd period - Shot by Shane OBrien.
4:59 of 3rd period - Shot Blocked by Mark Giordano.
5:01 of 3rd period - Shot by Shane OBrien.
5:01 of 3rd period - Stopped by Ilya Bryzgalov without a rebound.
5:02 of 3rd period - Jeff Skinner wins face-off versus Ryan Callahan in Jets zone.
6:06 of 3rd period - Shot by Brenden Morrow.
6:06 of 3rd period - Stopped by Martin Brodeur without a rebound.
6:07 of 3rd period - Marc Savard wins face-off versus Brian Boyle in Sharks zone.
6:23 of 3rd period - Minor Penalty to Dainius Zubrus for Goalie Interference.
6:24 of 3rd period - Frans Nielsen wins face-off versus Eric Belanger in Sharks zone.
7:17 of 3rd period - Shot by James Wisniewski.
7:17 of 3rd period - Stopped by Martin Brodeur with a rebound.
7:19 of 3rd period - Shot by Jordan Caron.
7:19 of 3rd period - Shot Blocked by Marek Zidlicky.
7:21 of 3rd period - Shot by Christian Ehrhoff.
7:21 of 3rd period - Shot Blocked by Marek Zidlicky.
7:25 of 3rd period - Shot by Brenden Morrow.
7:25 of 3rd period - Stopped by Martin Brodeur without a rebound.
7:26 of 3rd period - Jarret Stoll wins face-off versus Frans Nielsen in Sharks zone.
7:26 of 3rd period - Jarret Stoll is hit by Clarke MacArthur.
8:24 of 3rd period - Shot by Brenden Morrow.
8:24 of 3rd period - Stopped by Martin Brodeur with a rebound.
8:26 of 3rd period - Shot by Brenden Morrow.
8:26 of 3rd period - Shot Misses the Net.
8:28 of 3rd period - Shot by Brenden Morrow.
8:28 of 3rd period - Shot Blocked by Marek Zidlicky.
8:30 of 3rd period - Shot by Brenden Morrow.
8:30 of 3rd period - Stopped by Martin Brodeur with a rebound.
8:36 of 3rd period - Shot by Brian Boyle.
8:36 of 3rd period - Shot Misses the Net.
8:38 of 3rd period - Shot by Brenden Morrow.
8:38 of 3rd period - Stopped by Martin Brodeur without a rebound.
8:39 of 3rd period - Rene Bourque wins face-off versus Eric Belanger in Sharks zone.
8:44 of 3rd period - Shot by Rene Bourque.
8:44 of 3rd period - Shot Misses the Net.
9:06 of 3rd period - Shot by Pierre-Alexandre Parenteau.
9:06 of 3rd period - Deflect By David Moss.
9:06 of 3rd period - Shot Blocked by Marc Staal.
9:27 of 3rd period - Jeff Skinner is hit by Marc Staal and loses puck.
9:34 of 3rd period - Shot by Alex Tanguay.
9:34 of 3rd period - Stopped by Ilya Bryzgalov without a rebound.
9:35 of 3rd period - Marc Savard wins face-off versus Brian Boyle in Jets zone.
9:44 of 3rd period - Marek Zidlicky is hit by Brian Boyle and loses puck.
9:55 of 3rd period - Shot by Alex Goligoski.
9:55 of 3rd period - Stopped by Martin Brodeur without a rebound.
9:56 of 3rd period - Frans Nielsen wins face-off versus Jeff Skinner in Sharks zone.
10:00 of 3rd period - Minor Penalty to Johnny Boychuk for Hooking.
10:01 of 3rd period - Jarret Stoll wins face-off versus Frans Nielsen in Sharks zone.
10:09 of 3rd period - Off-side.
10:10 of 3rd period - Frans Nielsen wins face-off versus Jarret Stoll in neutral zone.
10:50 of 3rd period - Off-side.
10:51 of 3rd period - Eric Belanger wins face-off versus Mike Ribeiro in neutral zone.
10:58 of 3rd period - Shot by Brenden Morrow.
10:58 of 3rd period - Stopped by Martin Brodeur with a rebound.
11:02 of 3rd period - Shot by James Wisniewski.
11:02 of 3rd period - Shot Misses the Net.
11:04 of 3rd period - Shot by Christian Ehrhoff.
11:04 of 3rd period - Shot Misses the Net.
11:06 of 3rd period - Shot by Christian Ehrhoff.
11:06 of 3rd period - Stopped by Martin Brodeur without a rebound.
11:07 of 3rd period - Mike Ribeiro wins face-off versus Eric Belanger in Sharks zone.
11:12 of 3rd period - Shot by Ryan Callahan.
11:12 of 3rd period - Stopped by Martin Brodeur without a rebound.
11:13 of 3rd period - Eric Belanger wins face-off versus Frans Nielsen in Sharks zone.
11:57 of 3rd period - Shot by Christian Ehrhoff.
11:57 of 3rd period - Shot Blocked by Shane OBrien.
11:59 of 3rd period - Shot by Brenden Morrow.
11:59 of 3rd period - Shot Misses the Net.
12:07 of 3rd period - Shot by Jeff Skinner.
12:07 of 3rd period - Goal by Jeff Skinner - Jets : 4 - Sharks : 1.
12:08 of 3rd period - Jarret Stoll wins face-off versus Brian Boyle in neutral zone.
12:11 of 3rd period - Nathan Gerbe is hit by Blake Comeau.
12:44 of 3rd period - Nathan Gerbe is hit by Blake Comeau.
13:17 of 3rd period - Shot by Alex Tanguay.
13:17 of 3rd period - Deflect By Jeff Skinner.
13:17 of 3rd period - Stopped by Ilya Bryzgalov without a rebound.
13:18 of 3rd period - Pierre-Alexandre Parenteau wins face-off versus Frans Nielsen in Jets zone.
14:07 of 3rd period - Shot by Mike Ribeiro.
14:07 of 3rd period - Stopped by Martin Brodeur with a rebound.
14:40 of 3rd period - Shot by Francois Beauchemin.
14:40 of 3rd period - Goal by Francois Beauchemin - Jets : 4 - Sharks : 2.
14:41 of 3rd period - Brian Boyle wins face-off versus Marc Savard in neutral zone.
15:06 of 3rd period - Shot by Nathan Gerbe.
15:06 of 3rd period - Stopped by Martin Brodeur without a rebound.
15:07 of 3rd period - Jeff Skinner wins face-off versus Frans Nielsen in Sharks zone.
16:24 of 3rd period - Shot by Brenden Morrow.
16:24 of 3rd period - Shot Blocked by Blake Comeau.
16:26 of 3rd period - Shot by Marc Staal.
16:26 of 3rd period - Stopped by Martin Brodeur with a rebound.
16:30 of 3rd period - Shot by Mike Ribeiro.
16:30 of 3rd period - Shot Misses the Net.
18:17 of 3rd period - Icing by Jordan Caron.
18:18 of 3rd period - Frans Nielsen wins face-off versus Jarret Stoll in Jets zone.
18:33 of 3rd period - Shot by Brian Boyle.
18:33 of 3rd period - Shot Blocked by Shane OBrien.
18:35 of 3rd period - Shot by Brenden Morrow.
18:35 of 3rd period - Stopped by Martin Brodeur without a rebound.
18:36 of 3rd period - Ryan Callahan wins face-off versus Jeff Skinner in Sharks zone.
18:45 of 3rd period - Shot by Martin Erat.
18:45 of 3rd period - Shot Misses the Net.
18:47 of 3rd period - Shot by Christian Ehrhoff.
18:47 of 3rd period - Shot Misses the Net.
18:49 of 3rd period - Shot by Ryan Callahan.
18:49 of 3rd period - Deflect By Brenden Morrow.
18:49 of 3rd period - Stopped by Martin Brodeur without a rebound.
18:50 of 3rd period - Jarret Stoll wins face-off versus Brian Boyle in Sharks zone.
18:50 of 3rd period - Jarret Stoll is hit by Brian Boyle.
18:58 of 3rd period - Shot by Shane Doan.
18:58 of 3rd period - Shot Misses the Net.
18:59 of 3rd period - Minor Penalty to Shane Doan for Roughing.
19:00 of 3rd period - Brian Boyle wins face-off versus Eric Belanger in Sharks zone.
19:15 of 3rd period - Shot by Christian Ehrhoff.
19:15 of 3rd period - Shot Misses the Net.
19:17 of 3rd period - Shot by James Wisniewski.
19:17 of 3rd period - Shot Misses the Net.
19:19 of 3rd period - Shot by Christian Ehrhoff.
19:19 of 3rd period - Shot Misses the Net.
19:53 of 3rd period - Shot by Rene Bourque.
19:53 of 3rd period - Shot Misses the Net.


Output by the SimonT Hockey Simulator (STHS) for Stephane Roy -- Original Page W3C XHTML 1.0 Valid